 Dungeon Crawl Stone Soup version 0.23-a0-309-ge7838e6 (webtiles) character file.

2 Amnesiac the Sneak (level 1, -1/7 HPs)
             Began as a Felid Earth Elementalist on Oct 11, 2018.
             Slain by a jackal (2 damage)
             ... on level 2 of the Dungeon.
             The game lasted 00:00:40 (97 turns).

Amnesiac the Sneak (Felid Earth Elementalist)         Turns: 97, Time: 00:00:40

Health: -1/7       AC:  1    Str:  4    XL:     1   Next: 25%
Magic:  4/4        EV: 18    Int: 16    God:
Gold:   9          SH:  0    Dex: 16    Spells: 3/4 levels left
                                        Lives:  0   Deaths: 0

rFire    . . .     SeeInvis +   (weapon unavailable)
rCold    . . .     Gourm    .   (shield unavailable)
rNeg     . . .     Faith    .   (armour unavailable)
rPois    .         Spirit   .   (helmet unavailable)
rElec    .         Reflect  .   (cloak unavailable)
rCorr    .         Harm     .   (gloves unavailable)
MR       .....                  (boots unavailable)
Stlth    +++.......             (no amulet)
HPRegen  0.02/turn              (no ring)
MPRegen  0.09/turn              (no ring)

@: quick
A: very small, no armour, no weapons or thrown items, stealth, claws 1, fangs 3,
see invisible, carnivore, speed 1, shaggy fur 1, slow metabolism 1, sharp paws
a: no special abilities


You were on level 2 of the Dungeon.
You were not hungry.

You visited 1 branch of the dungeon, and saw 3 of its levels.

You collected 9 gold pieces.

Inventory:

Missiles
 b - 28 stones
Comestibles
 c - a ration


   Skills:
 - Level 2.6 Dodging
 + Level 2.7 Stealth
 + Level 0.1 Unarmed Combat
 - Level 2.0 Spellcasting
   Level 1.1 Transmutations
 * Level 2.7 Earth Magic


You had 3 spell levels left.
You knew the following spells:

 Your Spells              Type           Power        Failure   Level  Hunger
a - Sandblast             Erth           ##....       7%          1    #......

Your spell library contained the following spells:

 Spells                   Type           Power        Failure   Level  Hunger
 Passwall                 Tmut/Erth      #.......     14%         2    ###....
 Stone Arrow              Conj/Erth      #.....       34%         3    ###....
 Petrify                  Tmut/Erth      #.......     67%         4    #####..
 Lee's Rapid Deconstruct  Erth           ##........   88%         5    ######.


Dungeon Overview and Level Annotations

Branches:
Dungeon (3/15)

Altars:
Fedhas
Trog


Innate Abilities, Weirdness & Mutations

You cannot wear armour.
You are incapable of wielding weapons or throwing items.
Your paws allow you to move quietly. (Stealth)
You have sharp claws.
You have razor-sharp teeth.
You have supernaturally acute eyesight. (SInv)
You are carnivorous and can eat meat at any time.
You cover ground quickly.
You are covered in fur. (AC +1)
You have a slow metabolism.
Your sharp claws are effective at attacking unaware monsters.


Message History

There is a stone staircase leading down here.
You climb downwards.
A bat, an adder and a worm come into view.
There is a stone staircase leading up here.
The bat misses you.
You scratch the bat.
The bat is severely wounded.
The bat misses you.
You closely miss the bat.
The bat is severely wounded.
The bat hits you but does no damage.
There is a stone staircase leading up here.
You scratch the bat.
You kill the bat!
You climb upwards.
There is a stone staircase leading down here.
You open the door.
There is an open door here.
Found a blossoming altar of Fedhas and a bloodstained altar of Trog.
Found an escape hatch in the floor.
A jackal comes into view.
A jackal is nearby!
A jackal is nearby!
A jackal is nearby!
A jackal is nearby!
A jackal is nearby!
A jackal is nearby!
Unknown command.
The jackal barks!
You hear an angry hiss.
A jackal comes into view.
A jackal comes into view.
Casting: Sandblast (safe; 7% risk of failure)
Confirm with . or Enter, or press ? or * to list all spells.
Aiming: Sandblast (safe; 7% risk of failure)
Press: ? - help, Shift-Dir - straight line, f - jackal
Aim: a jackal The blast of sand hits the jackal.
The jackal is heavily wounded.
b - 29 stones The jackal barks!
Unknown command.
There is an open door here.
You closely miss the jackal.
The jackal is moderately wounded.
The jackal bites you.
You miss the jackal.
The jackal is moderately wounded.
The jackal bites you.
* * * LOW HITPOINT WARNING * * *
The jackal barely misses you.
You are too injured to fight recklessly!
You are too injured to fight recklessly!
Casting: Sandblast (safe; 7% risk of failure)
Confirm with . or Enter, or press ? or * to list all spells.
Aiming: Sandblast (safe; 7% risk of failure)
Press: ? - help, Shift-Dir - straight line, f/p - jackal
Aim: a jackal (moderately wounded)
The blast of sand hits the jackal.
You kill the jackal!
b - 28 stones Unknown command.
The jackal misses you. The jackal bites you.
You die...

#......# #......# #......#
#......# #......# #.### #......#
#.#.[ ##.####......# #.#.#
.......>.....# #.#.#
#######..@h..####.#.#
..........#..##+#.#....#.#
#...#......#..##.#.#.....<#
#.........................#####
#........#.#..###..............#
#.......##....# #..........###.#
#........#....###..######.##
#........#............# #.#
##........'############# ###


You could see a jackal.

Vanquished Creatures
  A jackal (D:2)
  A bat (D:3)
2 creatures vanquished.

Notes
Turn   | Place    | Note
-------+----------+-------------------------------------------
     0 | D:1      | Amnesiac the Felid Earth Elementalist began the quest for
                  | the Orb.
     0 | D:1      | Reached XP level 1. HP: 7/7 MP: 4/4
    53 | D:2      | Found a blossoming altar of Fedhas.
    53 | D:2      | Found a bloodstained altar of Trog.
    97 | D:2      | Slain by a jackal

Vault maps used:
D:1:      nzn_arrival_water_spiral, minmay_misc_feat_nine_boxes,
          roderic_serpentine_path, minmay_hedge_maze, hangedman_decor_growths
D:2:      chequers_temple_overflow_statue_of_worship, uniq_jessica,
          uniq_crazy_yiuf_cottage
D:3:      kennysheep_big_flooded_room, zin_statuary,
          nicolae_ru_the_path_less_chosen, nemelex_diamond_rough_becter

Action                   || total
-------------------------++-------
Melee: Unarmed           ||     5
 Cast: Sandblast         ||     2
Armor: Skin              ||     1
Dodge: Dodged            ||     4

Table legend:
 A = Non-vault XP
 B = Vault XP
 C = Vault XP percentage of total XP
 D = Non-vault monster count
 E = Vault monster count
 F = Vault count percentage of total count
                 A         B        C        D         E       F
            +---------+---------+-------+---------+---------+-------
      Total |       3 |       0 |   0.0 |       2 |       0 |   0.0
            +---------+---------+-------+---------+---------+-------
        D:2 |       2 |       0 |   0.0 |       1 |       0 |   0.0
        D:3 |       1 |       0 |   0.0 |       1 |       0 |   0.0
            +---------+---------+-------+---------+---------+-------
